[Event "Early-Titled-Tuesday-Blitz-January-23-2024"]
[Site "Chess.com"]
[Date "2024.01.23"]
[Round "10"]
[White "Sina_Movahed"]
[Black "jefferyx"]
[Result "1-0"]
[WhiteElo "2993"]
[BlackElo "3007"]
[TimeControl "180+1"]
[EndTime "9:56:19 PST"]
[Termination "Sina_Movahed won by checkmate"]

1. e4 e6 2. d4 d5 3. e5 c5 4.
c3 Nc6 5. Nf3 cxd4 6. cxd4 Nge7 7. Nc3 Nf5 8. Be2 Qb6 9. Na4 Bb4+ 10. Kf1 Qd8 11. g4 Nh4 12. Be3 Nxf3 13. Bxf3 Bd7 14. Rc1 Rc8 15. Kg2 Be7 16. Nc5 Qb6 17. Qd2 Rc7 18. Rc3 Bxc5 19. Rxc5 O-O 20. Rhc1 Rfc8 21. Qc3 a6 22. b4 Qa7 23. Qb2 b6 24. R5c3 Ne7 25.
Bg5 Ng6 26. Kg3 Qb8 27. Kg2 h6 28. Be3 Nh4+ 29. Kg3 Nxf3 30. Kxf3 Bb5 31. g5 hxg5 32. Bxg5 Rc4 33. Rxc4 dxc4 34. Rg1 Qb7+ 35. Ke3 c3 36. Qc2 Be8 37. Bf6 g6 38. f3 Qd5 39. Rg4 Bc6 40. Rxg6+ Kf8 41. Rg8+ Kxg8 42. Qg2+ Kf8 43. Qg7+ Ke8 44. Qg8+ Kd7 45. Qxf7# 1-0

[Event "Early-Titled-Tuesday-Blitz-January-23-2024"]
[Site "Chess.com"]
[Date "2024.01.23"]
[Round "10"]
[White "mishanick"]
[Black "I_am_Javi"]
[Result "1-0"]
[WhiteElo "3055"]
[BlackElo "2811"]
[TimeControl "180+1"]
[EndTime "9:56:19 PST"]
[Termination "mishanick won by resignation"]

1. d4 Nf6 2. c4 g6 3. Nc3 Bg7 4. e4 d6 5. Nf3 O-O 6. Be2 e5 7. Be3 Nc6 8. d5 Ne7 9. Nd2 a5 10. c5 Ne8 11. Nc4 f5 12. f3 fxe4 13. fxe4 dxc5 14.
Bxc5 Nd6 15. Qb3 a4 16. Qb4 a3 17. bxa3 Ra6 18. Nxd6 cxd6 19. Bf2 Ra8 20. O-O g5 21. Bb6 Qd7 22. Bb5 Qg4 23. Qxd6 Ng6 24. Be2 Qh4 25. g3 Qh3 26. Qc5 Bg4 27. Qe3 Rxa3 28. Rxf8+ Bxf8 29. Bf1 Qh5 30. Bc5 Ra8 31. Bxf8 Rxf8 32. d6 Nf4 33. gxf4 gxf4 34. Qf2 Kh8 35. Kh1 Rg8 36. Be2 f3 37.
Bc4 Bh3 38. Bxg8 Bg2+ 39. Kg1 Kxg8 40. Nd5 Kh8 41. d7 Qg5 42. Qg3 f2+ 43. Kxg2 1-0

[Event "Early-Titled-Tuesday-Blitz-January-23-2024"]
[Site "Chess.com"]
[Date "2024.01.23"]
[Round "10"]
[White "VladimirKramnik"]
[Black "Grischuk"]
[Result "1/2-1/2"]
[WhiteElo "2948"]
[BlackElo "3071"]
[TimeControl "180+1"]
[EndTime "9:56:20 PST"]
[Termination "Game drawn by repetition"]

1. d4 d5 2. Nf3 Nf6 3. e3 c5 4. dxc5 e6 5. a3 Bxc5 6. b4 Be7 7. Bb2 a5 8. b5 O-O 9. c4 Nbd7 10.
Nbd2 a4 11. Be2 Nb6 12. O-O Bd7 13. Bd4 Rc8 14. Ne5 Bc5 15. Bb2 Qe7 16. cxd5 exd5 17. Nxd7 Nfxd7 18. Nf3 Nf6 19. Nd4 g6 20. Ra2 Rc7 21.
Nf3 Ne4 22. Ba1 Rd8 23. Rc2 Nc4 24. Bxc4 dxc4 25. Qe2 c3 26. Bxc3 Bxa3 27. Ba1 Bc5 28. Rc4 a3 29. Ne5 Nd2 30. Ng4 Nxc4 31. Nf6+ Kf8 32. Nxh7+ Kg8 33. Nf6+ Kf8 34. Nh7+ Kg8 35. Nf6+ Kf8 36. Nh7+ 1/2-1/2

[Event "Early-Titled-Tuesday-Blitz-January-23-2024"]
[Site "Chess.com"]
[Date "2024.01.23"]
[Round "10"]
[White "AnaKuchava"]
[Black "dianamirza"]
[Result "1-0"]
[WhiteElo "2219"]
[BlackElo "1991"]
[TimeControl "180+1"]
[EndTime "9:56:20 PST"]
[Termination "AnaKuchava won by checkmate"]

1. d4 Nf6 2. Nf3 g6 3. c4 c5 4. d5 b5 5. cxb5 a6 6. b6 Qxb6 7. Nc3 Bg7 8. e4 d6 9. h3 O-O 10. Bd3 a5 11. O-O Ba6 12. Bxa6 Nxa6 13. Qe2 Rfb8 14. Rb1 Nd7 15. Bg5 f6 16. Be3 Ne5 17.
Nxe5 fxe5 18. Bg5 Ra7 19. Qg4 Nc7 20. h4 Re8 21. Qd7 Bf6 22. Bxf6 exf6 23. f4 c4+ 24. Kh2 Qe3 25. fxe5 fxe5 26. Rf7 Qh6 27. Kh3 Rf8 28. Rbf1 Rxf7 29. Qxf7+ Kh8 30. Qf6+ Kg8 31. Qxd6 Qe3+ 32.
g3 Qh6 33. Qd8+ Kg7 34. Qf8# 1-0

[Event "Early-Titled-Tuesday-Blitz-January-23-2024"]
[Site "Chess.com"]
[Date "2024.01.23"]
[Round "10"]
[White "Smiechu"]
[Black "Saraisitave"]
[Result "1-0"]
[WhiteElo "2473"]
[BlackElo "2291"]
[TimeControl "180+1"]
[EndTime "9:56:21 PST"]
[Termination "Smiechu won on time"]

1. e4 c5 2. Nf3 Nc6 3. d4 cxd4 4.
Nxd4 e5 5. Nb5 a6 6. Nd6+ Bxd6 7. Qxd6 Qf6 8. Qd1 Qg6 9. Nc3 d6 10. Be3 Nge7 11. Qd2 O-O 12. O-O-O Rd8 13. f3 f5 14.
Bc4+ Kh8 15. h4 f4 16. Bb6 Rd7 17. h5 Qh6 18. g4 Nd8 19. g5 Qxg5 20. Rdg1 Qf6 21.
Bf2 h6 22. Bh4 Qf8 23. Bxe7 Qxe7 24. Nd5 Qe8 25. Nb6 Rb8 26. Nxd7 Bxd7 27. Qxd6 Nc6 28.
Qg6 Qxg6 29. Rxg6 Nd4 30. Rf1 Rc8 31. Bb3 Be8 32. Rb6 Bxh5 33. Rxb7 Bxf3 34. c3 Bxe4 35. Re7 Nc6 36. Rd7 Bf5 37. Rf7 g6 38. Rh1 h5 39. Rd1 f3 40. Bd5 1-0

[Event "Early-Titled-Tuesday-Blitz-January-23-2024"]
[Site "Chess.com"]
[Date "2024.01.23"]
[Round "10"]
[White "karinachess1"]
[Black "Makswolf200817"]
[Result "1-0"]
[WhiteElo "2627"]
[BlackElo "2728"]
[TimeControl "180+1"]
[EndTime "9:56:23 PST"]
[Termination "karinachess1 won by resignation"]

1. d4 Nf6 2. c4 e6 3. Nc3 Bb4 4.
a3 Bxc3+ 5. bxc3 b6 6. e3 Bb7 7. f3 d6 8. Bd3 c5 9. Ne2 Nc6 10.
O-O Qe7 11. e4 e5 12. d5 Na5 13. Ng3 g6 14. Qe2 h5 15. Bg5 h4 16. Nh1 Rh5 17. f4 exf4 18. Bxf4 O-O-O 19. Nf2 Re8 20. Nh3 Nd7 21.
Rae1 Kc7 22. Qf3 Qf6 23. Nf2 Qxc3 24. Ng4 Nb3 25. Bxd6+ Kxd6 26. Qxf7 Rhh8 27. e5+ Kc7 28. Nf6 Rd8 29. e6 Rhf8 30. Qe7 Rxf6 31. d6+ Kc8 32.
exd7+ Rxd7 33. Qxf6 Qxd3 34. Re8+ 1-0

[Event "Early-Titled-Tuesday-Blitz-January-23-2024"]
[Site "Chess.com"]
[Date "2024.01.23"]
[Round "10"]
[White "Flawless_Fighter"]
[Black "bazar-wokzal"]
[Result "0-1"]
[WhiteElo "2716"]
[BlackElo "2587"]
[TimeControl "180+1"]
[EndTime "9:56:23 PST"]
[Termination "bazar-wokzal won by resignation"]

1. e4 Nc6 2. Nc3 Nf6 3. d4 d5 4. e5 Nd7 5. f4 Nb6 6. Nf3 Bg4 7. Be3 e6 8. h3 Bxf3 9. Qxf3 Bb4 10. Bd3 Na4 11.
Bd2 Nxb2 12. Bb5 O-O 13. Bxc6 bxc6 14. Rb1 Bxc3 15. Bxc3 Nc4 16. O-O Rb8 17. Rb3 Rb6 18. f5 exf5 19. Bb4 Rxb4 20. Rxb4 Nd2 21. Qxf5 Nxf1 22.
Qxf1 c5 23. dxc5 Qe7 24. Qf2 Qxe5 25. c6 Re8 26. Rf4 Qe1+ 27. Qxe1 Rxe1+ 28. Kh2 Re6 29. Ra4 Rxc6 30. Rxa7 g6 31. Ra8+ Kg7 32. Rd8 Rxc2 33.
Rxd5 Rxa2 34. Rc5 Ra7 35. g4 Kf6 36. Kg3 Ke6 37. Kf4 Kd6 38. Rc3 c5 39. Kg5 Kd5 40.
Kh6 c4 41. Kxh7 Kd4 42. Rc1 c3 43. Re1 c2 44. Kg7 g5 45. Kf6 Ra5 46. Kxf7 Kd3 47. Kg6 Kd2 48. Rh1 c1=Q 49. Rxc1 Kxc1 50. Kh5 Kd2 51. h4 Ke3 52. hxg5 Kf4 0-1

[Event "Early-Titled-Tuesday-Blitz-January-23-2024"]
[Site "Chess.com"]
[Date "2024.01.23"]
[Round "10"]
[White "SirStrateg"]
[Black "FairChess_on_YouTube"]
[Result "0-1"]
[WhiteElo "2668"]
[BlackElo "3080"]
[TimeControl "180+1"]
[EndTime "9:56:24 PST"]
[Termination "FairChess_on_YouTube won by resignation"]

1. d4 Nf6 2. Bg5 g6 3. Bxf6 exf6 4. Nd2 f5 5. e3 d5 6. Ne2 Nd7 7. g3 Nf6 8. Bg2 c6 9. c4 dxc4 10. Nxc4 Be6 11. Qc2 Bb4+ 12. Nd2 Bd5 13. O-O O-O 14. a3 Bxd2 15. Qxd2 Bxg2 16. Kxg2 Qd5+ 17. Kg1 Ne4 18. Qd1 Ng5 19. Nf4 Qe4 20. Ng2 Rae8 21. f3 Qd5 22. Rc1 Re7 23. Rc5 Qd7 24. Rc3 Rfe8 25.
Qd2 Qd5 26. Qd1 h5 27. h4 Ne6 28. Kf2 Qd6 29. Qb3 c5 30. d5 Nd4 31. Qd1 Nb5 32.
Rd3 c4 33. Rd2 Qb6 34. Re1 Nd6 35. Qc2 Re5 36. Rd4 Qc5 37. Nf4 Rxe3 38. Rxe3 Qxd4 39.
Qc3 Qb6 40. b4 Nb5 41. Ne6 Nxc3 0-1

[Event "Early-Titled-Tuesday-Blitz-January-23-2024"]
[Site "Chess.com"]
[Date "2024.01.23"]
[Round "10"]
[White "Zgorl"]
[Black "Tejas_Rama"]
[Result "1-0"]
[WhiteElo "2539"]
[BlackElo "2626"]
[TimeControl "180+1"]
[EndTime "9:56:24 PST"]
[Termination "Zgorl won by resignation"]

1. Nf3 Nf6 2. g3 d5 3. Bg2 c5 4.
O-O g6 5. c4 Bg7 6. cxd5 Nxd5 7. Nc3 O-O 8. Nxd5 Qxd5 9. d3 Nc6 10. Be3 Qd6 11. Rc1 Nd4 12. Bxd4 cxd4 13. Nd2 Be6 14.
Qa4 a6 15. Ne4 Qe5 16. Rc5 Qb8 17. Rfc1 b5 18. Qa5 Ra7 19. Rc6 Bd5 20. Rxa6 Rxa6 21. Qxa6 Qa8 22. Qxa8 Rxa8 23. a3 e6 24. Nd6 Bxg2 25.
Kxg2 b4 26. axb4 Bf8 27. Rc8 Ra2 28. Nc4 Kg7 29. b5 Ra4 30. b6 Rb4 31. Rc7 Kf6 32. b7 Be7 33. f4 Bd8 34. Rd7 Be7 35. g4 h6 36. h4 g5 37. fxg5+ hxg5 38. hxg5+ Kxg5 39. Rxe7 1-0

[Event "Early-Titled-Tuesday-Blitz-January-23-2024"]
[Site "Chess.com"]
[Date "2024.01.23"]
[Round "10"]
[White "JiiHart"]
[Black "WiktoriaPOL"]
[Result "0-1"]
[WhiteElo "2137"]
[BlackElo "2256"]
[TimeControl "180+1"]
[EndTime "9:56:24 PST"]
[Termination "WiktoriaPOL won by checkmate"]

1. e4 c5 2. c3 Nf6 3. e5 Nd5 4. d4 cxd4 5. Nf3 Nc6 6. cxd4 d6 7. Nc3 dxe5 8. dxe5 Nxc3 9. Qxd8+ Kxd8 10. bxc3 Bg4 11.
Be2 Bxf3 12. Bxf3 Nxe5 13. Bxb7 Rb8 14. Be4 g6 15. Bf4 Bg7 16. O-O f5 17. Bd5 Rb2 18.
Bb3 Kc8 19. Rfd1 Rd8 20. Rxd8+ Kxd8 21. Rd1+ Kc8 22. Kf1 Ng4 23. h3 Rxf2+ 24. Kg1 Rxf4 25.
hxg4 Rxg4 26. Be6+ Kc7 27. Rd7+ Kb6 28. c4 Bd4+ 29.
Kf1 Rf4+ 30. Ke2 Re4+ 31. Kd3 Rxe6 32. Kxd4 Rd6+ 33. Rxd6+ exd6 34. Kd5 Kc7 35. g3 h5 36. Ke6 f4 37. gxf4 h4 38. Kf6 h3 39. Kxg6 h2 40. f5 h1=Q 41. f6 Qg2+ 42. Kh7 Kd7 43. f7 Ke7 44. c5 Kxf7 45. cxd6 Qg7# 0-1

[Event "Early-Titled-Tuesday-Blitz-January-23-2024"]
[Site "Chess.com"]
[Date "2024.01.23"]
[Round "10"]
[White "TregubovP"]
[Black "FGHSMN"]
[Result "1/2-1/2"]
[WhiteElo "2681"]
[BlackElo "2965"]
[TimeControl "180+1"]
[EndTime "9:56:25 PST"]
[Termination "Game drawn by repetition"]

1. e4 e5 2. Nf3 Nc6 3. Bc4 f5 4.
d3 Nf6 5. Ng5 Bc5 6. Nf7 Qe7 7.
Nxh8 f4 8. Nc3 d6 9. Nd5 Nxd5 10. Qh5+ g6 11. Nxg6 hxg6 12. Qxg6+ Kd8 13. Qg8+ Kd7 14. Bxd5 Nd4 15. Bb3 Qh4 16. Rf1 Kc6 17. c3 Nxb3 18. Qd5+ Kd7 19. axb3 c6 20. Qf7+ Kd8 21. d4 exd4 22.
Bxf4 Bd7 23. O-O-O dxc3 24. Bxd6 cxb2+ 25. Kb1 Qxe4+ 26. Ka2 b1=Q+ 27. Rxb1 Bxd6 28. Rfd1 Kc7 29. Rxd6 Qe2+ 30. Rb2 Qa6+ 31. Kb1 Qf1+ 32. Ka2 Qa6+ 33. Kb1 Qf1+ 34. Ka2 Qa6+ 1/2-1/2

[Event "Early-Titled-Tuesday-Blitz-January-23-2024"]
[Site "Chess.com"]
[Date "2024.01.23"]
[Round "10"]
[White "UK_23"]
[Black "masterofpuppets2"]
[Result "0-1"]
[WhiteElo "2384"]
[BlackElo "2514"]
[TimeControl "180+1"]
[EndTime "9:56:25 PST"]
[Termination "masterofpuppets2 won by resignation"]

1. e4 c5 2. Nf3 Nc6 3. Bb5 e6 4. Bxc6 bxc6 5. Qe2 Ne7 6. h4 f6 7. h5 e5 8. d3 d6 9. a4 Be6 10. b3 Qd7 11. a5 Nc8 12. Nbd2 Be7 13. Nc4 d5 14.
Ne3 Nd6 15. Nd2 Nf7 16. g4 g6 17. hxg6 hxg6 18. Rxh8+ Nxh8 19. Ba3 Nf7 20. O-O-O Qc7 21. Bb2 Qxa5 22. Kb1 O-O-O 23. Rh1 Rh8 24. Rxh8+ Nxh8 25.
g5 Nf7 26. gxf6 Bxf6 27. Ng4 Bg7 28. Nf1 Qc7 29. Ng3 Kb8 30. Ne3 Kb7 31. Qf3 Ng5 32. Qh1 Qf7 33. Qh2 Nf3 34. Qg2 Nd4 35. Bxd4 exd4 36. Nef1 Kb6 37. Nh2 c4 38. Nf3 Bg4 39.
Nd2 c3 40. Ndf1 Qe7 41. Ka2 Bf8 0-1

[Event "Early-Titled-Tuesday-Blitz-January-23-2024"]
[Site "Chess.com"]
[Date "2024.01.23"]
[Round "10"]
[White "MikaelyanArman"]
[Black "Sebastian"]
[Result "0-1"]
[WhiteElo "2847"]
[BlackElo "3010"]
[TimeControl "180+1"]
[EndTime "9:56:26 PST"]
[Termination "Sebastian won by resignation"]

1. d4 Nf6 2. c4 e6 3. Nf3 d5 4. Nc3 Bb4 5. Bg5 h6 6. Bxf6 Qxf6 7. e3 O-O 8. Rc1 dxc4 9. Bxc4 c5 10. O-O cxd4 11. Ne4 Qe7 12. a3 Ba5 13. exd4 Rd8 14. Ba2 Bd7 15. b4 Bb6 16. Bb1 Bc6 17. Qc2 Nd7 18. Ne5 Bxe4 19. Qxe4 Nf6 20. Qe2 Rxd4 21. Nf3 Rd6 22. h3 Rad8 23. Kh1 g6 24. Rc4 Kg7 25. Qb2 Rd1 26. Qe2 Rxf1+ 27. Qxf1 Nd5 28. Qe2 Qf6 29. Be4 Nc3 30. Qc2 Nd1 31. Bxb7 Nxf2+ 32. Kh2 Rd1 33. Ng1 Qe5+ 34. g3 Qe1 35. Qc3+ Qxc3 36.
Rxc3 Rxg1 37. a4 Rb1 38. a5 Bd4 39. Rc7 Rxb4 40. Bc6 Rb2 41. Bd7 Ng4+ 0-1

[Event "Early-Titled-Tuesday-Blitz-January-23-2024"]
[Site "Chess.com"]
[Date "2024.01.23"]
[Round "10"]
[White "Cheer_Down"]
[Black "alvarorodriguezavila"]
[Result "0-1"]
[WhiteElo "2450"]
[BlackElo "2344"]
[TimeControl "180+1"]
[EndTime "9:56:27 PST"]
[Termination "alvarorodriguezavila won by resignation"]

1. e4 c5 2. Nf3 g6 3. c3 Bg7 4. d4 cxd4 5. cxd4 d5 6. e5 Bg4 7. Bb5+ Nc6 8. Bxc6+ bxc6 9. Nbd2 Nh6 10. O-O Nf5 11. h3 Bxf3 12. Nxf3 e6 13. b3 O-O 14. Ba3 Re8 15. Qd2 f6 16. Rfe1 fxe5 17. Nxe5 Rc8 18.
Bc5 Qc7 19. Re2 Nd6 20. Bxd6 Qxd6 21. Rc1 c5 22. dxc5 Rxc5 23. Rxc5 Qxc5 24. g3 Qc7 25. Qe3 Bxe5 26. Qxe5 Qxe5 27. Rxe5 Kf7 28. f4 Rc8 29. Re2 Rc3 30. Kg2 Ke7 31. Kf2 Kd6 32. h4 d4 33.
Rb2 Kd5 34. b4 Ra3 35. Rc2 d3 36. Rc7 Kd4 37. Kf3 Rxa2 38. Rxh7 Ra1 39. Rd7+ Kc3 40. g4 d2 41. h5 gxh5 42. gxh5 d1=Q+ 43. Rxd1 Rxd1 44. Kg4 Rh1 0-1

[Event "Early-Titled-Tuesday-Blitz-January-23-2024"]
[Site "Chess.com"]
[Date "2024.01.23"]
[Round "10"]
[White "nihalsarin"]
[Black "Zhigalko_Sergei"]
[Result "0-1"]
[WhiteElo "3177"]
[BlackElo "2992"]
[TimeControl "180+1"]
[EndTime "9:56:29 PST"]
[Termination "Zhigalko_Sergei won by checkmate"]

1. g4 d5 2. Bg2 c6 3. g5 e5 4. d4 Nd7 5. h4 Bd6 6. c4 e4 7. Nc3 Ne7 8. Qb3 O-O 9. cxd5 cxd5 10. Nxd5 Nxd5 11. Qxd5 Bb4+ 12. Kf1 Re8 13. Bxe4 Qc7 14.
Bd3 Nb6 15. Qb5 Qe7 16. Nf3 Bd7 17. Qe5 Qf8 18. Qg3 Bc6 19. Rh3 Rad8 20. Bf4 Nd5 21.
Be5 Bd6 22. h5 Nb4 23. Bxh7+ Kxh7 24. g6+ Kg8 25. gxf7+ Qxf7 26. Bxd6 Nc2 27. Ne5 Qf5 28. h6 g5 29. h7+ Kh8 30. Rh6 Rxd6 31. Rxd6 Nxa1 32.
Rg6 Qb1# 0-1

[Event "Early-Titled-Tuesday-Blitz-January-23-2024"]
[Site "Chess.com"]
[Date "2024.01.23"]
[Round "10"]
[White "Meri-Arabidze"]
[Black "rasmussvane"]
[Result "1-0"]
[WhiteElo "2741"]
[BlackElo "2975"]
[TimeControl "180+1"]
[EndTime "9:56:29 PST"]
[Termination "Meri-Arabidze won on time"]

1. Nf3 d5 2. b3 Nf6 3. Bb2 Bf5 4. e3 h6 5. Bd3 e6 6. Bxf5 exf5 7. O-O Bd6 8. d3 O-O 9. Nbd2 Re8 10. c4 c6 11.
cxd5 Nxd5 12. Nc4 Bc7 13. Nd4 g6 14. Qf3 Nd7 15. Qh3 Kh7 16. Rad1 Qg5 17. Nf3 Qg4 18. Qxg4 fxg4 19. Nd4 Rad8 20. a3 Ne5 21. b4 Nxc4 22.
dxc4 Nb6 23. Rc1 Be5 24. g3 c5 25. bxc5 Na4 26. Ba1 Nxc5 27. Rfd1 Ne4 28. Kg2 h5 29. c5 Rd5 30. c6 Bxd4 31. Rxd4 bxc6 32. Rxd5 cxd5 33.
Rc7 Kg8 34. Rxa7 Rc8 35. Rd7 g5 36. Rxd5 Rc2 37. Rf5 Ra2 38. Bd4 Rxa3 39. Re5 Nd2 40. Rxg5+ Kh7 41. Rf5 1-0

[Event "Early-Titled-Tuesday-Blitz-January-23-2024"]
[Site "Chess.com"]
[Date "2024.01.23"]
[Round "10"]
[White "Maxfan2008"]
[Black "isaak2009"]
[Result "0-1"]
[WhiteElo "2526"]
[BlackElo "2651"]
[TimeControl "180+1"]
[EndTime "9:56:29 PST"]
[Termination "isaak2009 won on time"]

1. d4 d5 2. c4 c6 3. Nc3 Nf6 4. e3 e6 5. Nf3 Nbd7 6. Bd3 dxc4 7. Bxc4 b5 8. Bd3 Bd6 9. O-O O-O 10. e4 e5 11. Bg5 exd4 12. Nxd4 Ne5 13. Be2 Bc7 14. Kh1 h6 15. Bh4 Bb7 16. Nf5 Ng6 17. Qxd8 Bxd8 18. Bg3 Bc8 19. Bf3 Bxf5 20. exf5 Ne7 21.
Nxb5 Nxf5 22. Bxc6 Nxg3+ 23. hxg3 Rb8 24. Nxa7 Rxb2 25. Nb5 Bb6 26. f3 Rc8 27. Rfc1 Nh5 28. Kh2 Bf2 29. Bd5 Bxg3+ 30. Kh3 Rd8 31. Bc4 g5 32. Kg4 Nf4 33. Bf1 Bf2 34. g3 Ng6 35. f4 gxf4 36. gxf4 Rb4 37. Kh5 Kg7 0-1

[Event "Early-Titled-Tuesday-Blitz-January-23-2024"]
[Site "Chess.com"]
[Date "2024.01.23"]
[Round "10"]
[White "rionelG"]
[Black "Barmen_EV"]
[Result "0-1"]
[WhiteElo "2296"]
[BlackElo "2482"]
[TimeControl "180+1"]
[EndTime "9:56:29 PST"]
[Termination "Barmen_EV won by checkmate"]

1. e4 c5 2. Nf3 Nc6 3. d4 cxd4 4. Nxd4 e5 5. Nb3 d6 6. g3 Be6 7. Bg2 g6 8. O-O Bg7 9. Nc3 a6 10. Nd5 h6 11. Be3 b5 12. Bb6 Qc8 13. Nc7+ Ke7 14. Nxa8 Qxa8 15. a4 b4 16. Qd2 h5 17. Rad1 Qb8 18. a5 h4 19. c3 Nh6 20. Nc1 hxg3 21.
hxg3 Ng4 22. Ne2 Rh1+ 23. Bxh1 Qh8 24. Qg5+ Bf6 25. Qxg4 Bxg4 26. f3 Be6 27. cxb4 Nxb4 28. Rc1 Nd3 29. Rc7+ Kf8 30. Rd1 Nxb2 31. Rxd6 Qh6 32.
Bc5 Kg8 33. Rb6 Qd2 34. Rb8+ Kh7 35. Kf1 Qd1+ 36. Kf2 Nd3+ 37. Ke3 Nxc5 38. Rxc5 Qxh1 39. Rc6 Bg5+ 40. f4 Bg4 41. fxg5 Qf3+ 42. Kd2 Qxe2+ 43. Kc3 Qe3+ 44. Kc4 Qxe4+ 45. Kc5 Qd4# 0-1

[Event "Early-Titled-Tuesday-Blitz-January-23-2024"]
[Site "Chess.com"]
[Date "2024.01.23"]
[Round "10"]
[White "Felix-Rose"]
[Black "RaugintaBulba"]
[Result "1-0"]
[WhiteElo "2312"]
[BlackElo "2430"]
[TimeControl "180+1"]
[EndTime "9:56:29 PST"]
[Termination "Felix-Rose won on time"]

1. d4 Nf6 2. Nf3 g6 3. g3 Bg7 4. Bg2 O-O 5. O-O d6 6. a4 c5 7. a5 cxd4 8. Nxd4 a6 9. Nc3 Qc7 10. Bg5 e6 11. Qd2 Bd7 12. Bh6 Nc6 13. Bxg7 Kxg7 14.
Nb3 Ne5 15. Rfd1 d5 16. Qd4 Rac8 17. h3 Rfd8 18. Rab1 Nc6 19. Qc5 Ne5 20. Qa7 Nc4 21. Rd3 Nxa5 22. Nxa5 Qxa5 23. Qxb7 Rc7 24. Qb3 Ne8 25.
e4 Bc6 26. exd5 exd5 27. Ne2 Bb5 28. Rxd5 Rxd5 29. Qxd5 Qb6 30. Nd4 Nf6 31. Qe5 Rd7 32. c3 Qd6 33. Re1 Qxe5 34. Rxe5 Bc4 35. Bc6 Rc7 36. Ra5 1-0

[Event "Early-Titled-Tuesday-Blitz-January-23-2024"]
[Site "Chess.com"]
[Date "2024.01.23"]
[Round "10"]
[White "KanalSzachowy"]
[Black "Aash20"]
[Result "1/2-1/2"]
[WhiteElo "2355"]
[BlackElo "2489"]
[TimeControl "180+1"]
[EndTime "9:56:30 PST"]
[Termination "Game drawn - insufficient material"]

1. e4 c5 2. Nc3 g6 3. d4 cxd4 4. Qxd4 Nf6 5. Be3 Nc6 6. Qd2 Bg7 7. f3 O-O 8. O-O-O d6 9. Nge2 Be6 10. Nf4 Bd7 11. h4 Qa5 12. Kb1 Rfc8 13. h5 Ne5 14. hxg6 hxg6 15. Nfd5 Nxd5 16. Nxd5 Qxd2 17. Rxd2 Kf8 18.
Rh7 Kg8 19. Rh1 Bf8 20. Be2 Be6 21. f4 Bxd5 22. Rxd5 Nc4 23. Rh3 Bg7 24. c3 a6 25.
f5 b5 26. fxg6 fxg6 27. Rg5 Nxe3 28. Rxe3 Kf7 29. Bg4 Rh8 30. Rf3+ Bf6 31. e5 dxe5 32. Rxe5 Rh2 33. Be6+ Kg7 34. Rd5 Rxg2 35. Rd7 b4 36. Bd5 Rb8 37. Rxf6 Kxf6 38. Bxg2 bxc3 39. Rb7 Rxb7 40.
Bxb7 cxb2 41. Kxb2 a5 42. Kb3 Ke5 43. Ka4 Kd4 44.
Kxa5 e5 45. Kb6 e4 46. a4 g5 47. a5 g4 48. a6 g3 49. a7 g2 50. a8=Q g1=Q 51.
Qd8+ Kc4+ 52. Kc7 Qc5+ 53. Kd7 Qd4+ 54. Ke8 Qe5+ 55. Qe7 Qxe7+ 56. Kxe7 e3 57. Bf3 Kd3 58. Bh5 Kd2 59. Bg4 Ke1 60. Bh5 Kf2 61. Bg4 e2 62.
Bxe2 1/2-1/2

[Event "Early-Titled-Tuesday-Blitz-January-23-2024"]
[Site "Chess.com"]
[Date "2024.01.23"]
[Round "10"]
[White "IsaqueGoncalvesSanto"]
[Black "Alenzer"]
[Result "1-0"]
[WhiteElo "1821"]
[BlackElo "2136"]
[TimeControl "180+1"]
[EndTime "9:56:31 PST"]
[Termination "IsaqueGoncalvesSanto won on time"]

1. d4 d5 2. c4 dxc4 3. Nc3 a6 4.
a4 Nf6 5. e3 e6 6. Bxc4 c5 7. Nf3 Nc6 8. O-O cxd4 9. exd4 Bd6 10. d5 exd5 11. Re1+ Be6 12. Bxd5 Nxd5 13. Nxd5 O-O 14.
Nf4 Bg4 15. h3 Bf5 16. Qd5 Bxf4 17. Qxd8 Raxd8 18. Bxf4 Rfe8 19. Rxe8+ Rxe8 20. Be3 h6 21. Rd1 Bc2 22. Rd7 Re7 23. Rxe7 Nxe7 24. a5 Nc6 25.
Bb6 Kf8 26. Ne1 Bf5 27. g4 Be6 28. Nd3 Ke7 29. Nc5 Bc8 30. f4 Kd6 31. Kf2 Nb4 32.
Ne4+ Kc6 33. Bd4 f6 34. Ng3 Kd5 35. Bc3 Nd3+ 36. Ke3 Nc5 37. Nh5 Ne6 38. f5 Ng5 39. Nxg7 Ne4 40. Ne8 1-0

[Event "Early-Titled-Tuesday-Blitz-January-23-2024"]
[Site "Chess.com"]
[Date "2024.01.23"]
[Round "10"]
[White "RodokininEV"]
[Black "VomDingJetztHer"]
[Result "1-0"]
[WhiteElo "2599"]
[BlackElo "2418"]
[TimeControl "180+1"]
[EndTime "9:56:32 PST"]
[Termination "RodokininEV won on time"]

1. e4 c6 2. d4 d5 3. Nc3 dxe4 4. f3 e3 5. Bxe3 g6 6. Bd3 Bg7 7. h4 Nf6 8. Qd2 h5 9. Nge2 Nd5 10. Nxd5 cxd5 11.
O-O-O Nc6 12. Nf4 Bf5 13. Bxf5 gxf5 14. Qd3 Qd7 15. c3 O-O-O 16. Kb1 e6 17. Qb5 Ne7 18. Qb3 Ng6 19. Nd3 Bf8 20. Bg5 Re8 21. g4 fxg4 22.
fxg4 Kb8 23. Rdf1 Bd6 24. Bf6 Rh7 25. g5 Qc6 26. Qd1 b5 27. Qf3 Kb7 28. Rf2 a5 29.
Qe2 Rc8 30. Ne5 Bxe5 31. Bxe5 b4 32. cxb4 axb4 33. Bg3 Ne7 34. Qd2 Qb5 35. Bd6 Nf5 36. Bxb4 Rhh8 37. Rh3 Rc4 38. Rb3 Qc6 39. Bc5+ Kc7 40.
Rb6 Qa4 41. b3 Rxd4 42. Bxd4 Qxd4 43. Qxd4 Nxd4 44. Rb4 Nf5 45. Rbf4 d4 46. Kc2 Rd8 47. Kd3 Kd6 48. Rxf5 exf5 49. Rxf5 Ke6 50. Rf6+ Ke7 51. Rf4 Ra8 52. a4 Rb8 53. Kc4 d3 54. Re4+ Kf8 55.
Rd4 d2 56. Rxd2 Re8 57. Rd4 Re3 58. a5 1-0

[Event "Early-Titled-Tuesday-Blitz-January-23-2024"]
[Site "Chess.com"]
[Date "2024.01.23"]
[Round "10"]
[White "CarlosjPineror"]
[Black "Shuvalov"]
[Result "1-0"]
[WhiteElo "2610"]
[BlackElo "2480"]
[TimeControl "180+1"]
[EndTime "9:56:33 PST"]
[Termination "CarlosjPineror won by resignation"]

1. e4 e6 2. d3 d5 3. Nd2 c5 4. Ngf3 Nc6 5. c3 Nf6 6. g3 Be7 7. Bg2 O-O 8. O-O b6 9. Re1 Ba6 10. e5 Nd7 11. Qe2 Qb8 12. Nf1 Bd8 13. h4 Bc7 14. Bf4 b5 15. Rad1 b4 16. c4 Re8 17.
b3 Bb7 18. h5 h6 19. g4 Bd8 20. Ng3 Qc8 21. Qd2 Nd4 22. Nxd4 cxd4 23. g5 hxg5 24.
Bxg5 Bxg5 25. Qxg5 Qd8 26. Qg4 Nc5 27. Qxd4 Rc8 28.
Qg4 d4 29. Bxb7 Nxb7 30. Ne4 Kh8 31. Kh2 Rg8 32. Rg1 Nc5 33. Nd6 Rc7 34. Qf4 Qe7 35. Rg3 Rd7 36. Qxd4 Nb7 37. c5 Nd8 38. Qf4 f6 39. Rdg1 f5 40. Rg6 Nf7 41. d4 Nxd6 42. cxd6 Qf7 43. h6 Qf8 44. Qh4 gxh6 45. Rxh6+ Qxh6 46. Qxh6+ Rh7 47. Qxh7+ Kxh7 48. Rxg8 Kxg8 49. Kg3 Kf7 50. Kf4 Ke8 51. Kg5 Kd7 52. Kf6 a5 53. f4 1-0

[Event "Early-Titled-Tuesday-Blitz-January-23-2024"]
[Site "Chess.com"]
[Date "2024.01.23"]
[Round "10"]
[White "Witik"]
[Black "arnash_bauyrzhan"]
[Result "1-0"]
[WhiteElo "2630"]
[BlackElo "2211"]
[TimeControl "180+1"]
[EndTime "9:56:33 PST"]
[Termination "Witik won by checkmate"]

1. d4 d5 2. Nf3 Nf6 3. c4 e6 4.
g3 Be7 5. Bg2 O-O 6. O-O dxc4 7. Qc2 a6 8. a4 Bd7 9. Qxc4 Bc6 10.
Bf4 Bd6 11. Nc3 Bxf4 12. gxf4 Nbd7 13. e3 Bd5 14. Qe2 Bxf3 15. Bxf3 c6 16. Kh1 Nb6 17. Rg1 Kh8 18. Rg3 Nbd5 19. Rag1 g6 20. Rh3 Qa5 21. Ne4 Nxe4 22. Bxe4 Nf6 23. Bc2 c5 24. e4 cxd4 25. e5 Qd5+ 26. Rg2 Nh5 27. Rxh5 gxh5 28. Be4 d3 29.
Qf3 Qxe4 30. Qxe4 d2 31. Rg1 Rac8 32. Qe3 Rfd8 33. Rd1 Rc2 34. f5 exf5 35. Qg5 Rg8 36. Qf6+ Rg7 37. Rg1 d1=Q 38. Qxg7# 1-0

[Event "Early-Titled-Tuesday-Blitz-January-23-2024"]
[Site "Chess.com"]
[Date "2024.01.23"]
[Round "10"]
[White "mary-sanna"]
[Black "ViktoriyaTarasova"]
[Result "0-1"]
[WhiteElo "2199"]
[BlackElo "2299"]
[TimeControl "180+1"]
[EndTime "9:56:33 PST"]
[Termination "ViktoriyaTarasova won on time"]

1. d4 Nf6 2. c4 e6 3. Nf3 b6 4. g3 Na6 5. Bg2 Bb7 6. O-O Be7 7. Nc3 d5 8. b3 O-O 9. Bb2 c5 10. Ne5 cxd4 11. Qxd4 Bc5 12. Qd2 Qe7 13. cxd5 Rfd8 14. e4 Bb4 15. Rfd1 exd5 16. Nd3 dxe4 17. Re1 Qd7 18.
a3 Bxc3 19. Qxc3 Qxd3 20. Qe5 Qd6 21. Qg5 h6 22. Qh4 Nc5 23. b4 Nd3 24. Red1 Qe6 25. Bc3 Rac8 26. Bh3 Qc6 27. Bxc8 e3 28. Bxb7 Qxb7 29.
fxe3 Qf3 30. Bxf6 Qxe3+ 31. Kg2 Qe2+ 32. Kh3 Nf2+ 33. Kg2 Rxd1 34. Rxd1 Nxd1+ 35. Kh3 Qe6+ 36. g4 Qxf6 37. Qe1 Qc3+ 38. Kh4 Qxe1+ 0-1